 Dungeon Crawl Stone Soup version 0.29-a0-321-gf1c400731a (webtiles) character file.

Game seed: 10700045919041359417

60 zishaf the Firebug (level 4, -2/38 HPs)
             Began as a Naga Fire Elementalist on Apr 4, 2022.
             Slain by a kobold
             ... wielding a +0 short sword
              (3 damage)
             ... on level 2 of the Dungeon.
             The game lasted 00:04:08 (1781 turns).

zishaf the Firebug (Naga Fire Elementalist)         Turns: 1781, Time: 00:04:09

Health: -2/38      AC:  2    Str: 10    XL:     4   Next: 4%
Magic:  7/7        EV:  9    Int: 18    God:
Gold:   61         SH:  0    Dex: 11    Spells: 6/7 levels left

rFire   . . .      SeeInvis +   f - +2 dagger (elec)
rCold   . . .      Faith    .   (no shield)
rNeg    . . .      Spirit   .   a - +0 robe
rPois   +          Reflect  .   (no helmet)
rElec   .          Harm     .   (no cloak)
rCorr   .          Rampage  .   (no gloves)
Will    +....                   (no barding)
Stlth   ++........              (no amulet)
HPRegen 0.12/turn               h - ring of willpower
MPRegen 0.10/turn               (no ring)

@: very slow
A: AC +1, large, see invisible, deformed body, poison resistance, slowness 2,
spit poison 1, naga tail 1
a: Spit Poison


You were on level 2 of the Dungeon.
You visited 1 branch of the dungeon, and saw 2 of its levels.

You collected 61 gold pieces.

Inventory:

Hand Weapons
 f - a +2 dagger of electrocution (weapon)
Missiles
 c - 4 boomerangs
Armour
 a - a +0 robe (worn)
Jewellery
 h - a ring of willpower (left hand)
Scrolls
 d - a scroll of fog {unknown}
 g - a scroll of teleportation {unknown}
Potions
 b - 3 potions of magic


   Skills:
 + Level 1.5 Fighting
 - Level 1.5 Dodging
 - Level 3.0 Stealth
 - Level 2.0 Spellcasting
 + Level 1.9 Conjurations
 * Level 4.0 Fire Magic


You had 6 spell levels left.
You knew the following spells:

 Your Spells              Type           Power      Damage    Failure   Level
c - Foxfire               Conj/Fire      48%        2x1d6     5%          1

Your spell library contained the following spells:

 Spells                   Type           Power      Damage    Failure   Level
 Scorch                   Fire           32%        2d6       5%          2
 Conjure Flame            Conj/Fire      12%        6-21      16%         3
 Inner Flame              Hex/Fire       9%         N/A       24%         3
 Flame Wave               Conj/Fire      12%        2d6       45%         4


Dungeon Overview and Level Annotations

Branches:
Dungeon (2/15)

Altars:

Shops:
D:1 (

Annotations:
D:2 Robin


Innate Abilities, Weirdness & Mutations

Your serpentine skin is tough. (AC +1)
You have supernaturally acute eyesight. (SInv)
Armour fits poorly on your strangely shaped body.
Your system is resistant to poisons. (rPois)
You cover ground very slowly.
You can spit poison.
You have a snake-like lower body.


Message History

Robin roars a battlecry!
The goblins go into a battle-frenzy!
The rat attacks as you move away! The rat barely misses you.
The goblin attacks as you move away! The goblin barely misses you.
The goblin attacks as you move away! The goblin hits you but does no damage.
The goblin hits you with a +0 dagger.
* * * LOW HITPOINT WARNING * * *
Aiming: Spit Poison (2% risk of failure)
Press: ? - help, Shift-Dir - straight line, f - goblin
Aim: a goblin, wielding a +0 dagger (strong, 50% to hit)
The splash of poison misses the goblin.
The splash of poison hits the rat.
You kill the rat!
The goblin hits you with a +0 dagger.
* * * LOW HITPOINT WARNING * * *
You have reached level 4!
You feel clever.
You hit the goblin. Lightning courses through the goblin!
You kill the goblin!
You hit the goblin.
You kill the goblin!
You hit the kobold.
The kobold is severely wounded.
The kobold barely misses you.
You closely miss the kobold.
The kobold is severely wounded.
The kobold hits you but does no damage.
You barely miss the kobold.
The kobold is severely wounded.
The kobold barely misses you.
You barely miss the kobold.
The kobold is severely wounded.
You have got your breath back.
Robin throws the goblin at you!
* * * LOW HITPOINT WARNING * * *
The kobold hits you with a +0 short sword.
* * * LOW HITPOINT WARNING * * *
You hit the goblin. Lightning courses through the goblin!
You kill the goblin!
The kobold hits you with a +0 short sword.
You die...

.# #.# #.# #.# #.#
##### #.#
...######.####
####....)@K....#
#.....#####g##.#
#.###.#####)##.##
#......gg.)$###.
###......g.).rKg..
#.....#..##)..).g...
###.#.#..#####..##..
.........# ..# .
###.#[#)..# ..#


You could see Robin (resistant) and a kobold.

Vanquished Creatures
  An adder (D:2)
  A bat (D:1)
  2 endoplasms
  2 giant cockroaches (D:1)
  19 goblins
  7 hobgoblins
  A quokka (D:2)
  4 ball pythons
  3 kobolds (D:1)
  3 rats
43 creatures vanquished.

Vanquished Creatures (others)
  62 foxfires
62 creatures vanquished.

Grand Total: 105 creatures vanquished

Notes
Turn   | Place    | Note
-------+----------+-------------------------------------------
     0 | D:1      | zishaf the Naga Fire Elementalist began the quest for the
                  | Orb.
     0 | D:1      | Reached XP level 1. HP: 15/15 MP: 3/3
   213 | D:1      | Reached XP level 2. HP: 18/24 MP: 3/5
   375 | D:1      | Found Konuff's Weapon Shoppe.
   784 | D:1      | Reached skill level 1 in Fighting
   956 | D:1      | Reached XP level 3. HP: 31/31 MP: 4/6
  1753 | D:2      | Noticed Robin
  1768 | D:2      | Reached skill level 4 in Fire Magic
  1774 | D:2      | HP: 1/31 [goblin/+0 dagger[Robin] (4)]
  1775 | D:2      | Reached XP level 4. HP: 2/38 MP: 7/7
  1780 | D:2      | HP: 1/38 [kobold/+0 short sword (1)]
  1781 | D:2      | Slain by a kobold

Illustrated notes

Levels and vault maps discovered:
D:1:      shiori_arrival_oz, layout_basic, serial_shops,
          nicolae_shop_bloodbath_and_beyond, minmay_misc_feat_hallway
D:2:      layout_loops_ring, ebering_ecumenical_altar_sacrificial,
          glass_columns_a, uniq_robin

Skill      XL: |  1  2  3 |
---------------+----------+-----
Fighting       | 1 |  1.5
Fire Magic     | 4 |  4.0
Dodging        | |  1.5
Stealth        | |  3.0
Spellcasting   | |  2.0
Conjurations   | |  1.9

Action                   |  1- 3 |  4- 6 || total
-------------------------+-------+-------++-------
Melee: Unarmed           |    18 |       ||    18
       Dagger            |    18 |     7 ||    25
 Cast: Foxfire           |    35 |       ||    35
 Abil: Spit Poison       |    13 |       ||    13
  Use: Potion            |     1 |       ||     1
Armor: Robe              |    12 |     1 ||    13
Dodge: Dodged            |    36 |     2 ||    38

Table legend: (Time is in decaauts)
 A = Elapsed time spent in this place.
 B = Non-inter-level travel time spent in this place.
 C = Inter-level travel time spent in this place.
 D = Time resting spent in this place.
 E = Time spent auto-exploring this place.
 F = Levels seen in this place.
 G = Mean time per level.
                   A        B        C        D        E       F      G
               +--------+--------+--------+--------+--------+-----+--------+
         Total |   2151 |   2075 |     76 |    213 |   1510 |   2 | 1075.5 |
       Dungeon |   2151 |   2075 |     76 |    213 |   1510 |   2 | 1075.5 |
               +--------+--------+--------+--------+--------+-----+--------+

Top non-repeatable levels by time:
     D:1: 1881 daAuts
     D:2: 269 daAuts
